 Dungeon Crawl Stone Soup version 0.27.1-2-g3b301248ec (webtiles) character file.

Game seed: 15029392419534289061

112 ABBCCCDDDD the Sneak (level 4, -10/43 HPs)
             Began as an Octopode Fire Elementalist on Oct 1, 2021.
             Mangled by Prince Ribbit (11 damage)
             ... on level 5 of the Dungeon.
             The game lasted 00:04:10 (6563 turns).

ABBCCCDDDD the Sneak (Octopode Fire Elementalist)   Turns: 6563, Time: 00:04:10

Health: -10/43     AC: 22    Str:  7    XL:     4   Next: 93%
Magic:  6/7        EV:  2    Int: 18    God:
Gold:   168        SH:  0    Dex: 12    Spells: 6/7 levels left

rFire    . . .     SeeInvis .   h - +0 short sword
rCold    . . .     Faith    .   (no shield)
rNeg     + + +     Spirit   .   (helmet currently unavailable)
rPois    +         Reflect  .   (no amulet)
rElec    .         Harm     .   (no ring)
rCorr    .         Rampage  .   (no ring)
Will     .....     NoTele   +   (no ring)
Stlth    ++........             (no ring)
HPRegen  0.14/turn              (no ring)
MPRegen  0.10/turn              (no ring)
                                (no ring)
                                (no ring)

@: tree-form
A: stationary, stasis, torment immunity, boosted hp, almost no armour,
(amphibious), 8 rings, (camouflage 1), (gelatinous body 1), (nimble swimmer 1),
(tentacles)
a: no special abilities


You were on level 5 of the Dungeon.
You were a tree.
You visited 1 branch of the dungeon, and saw 5 of its levels.

You collected 168 gold pieces.

Inventory:

Hand Weapons
 h - a +0 short sword (weapon)
 m - a +1 falchion of electrocution
Missiles
 j - 49 poisoned darts
Armour
 n - a +0 buckler
Scrolls
 a - 2 scrolls of brand weapon
 b - 3 scrolls of identify
 c - a scroll of blinking {unknown}
 d - a scroll of noise {unknown}
 e - 2 scrolls of vulnerability {unknown}
 f - a scroll of magic mapping {unknown}
 g - 2 scrolls of enchant weapon {unknown}
 i - a scroll of immolation {unknown}
 k - a scroll of amnesia {unknown}


   Skills:
 + Level 2.0 Fighting
 - Level 2.0 Dodging
 - Level 4.0 Stealth
 - Level 2.0 Spellcasting
 + Level 2.3 Conjurations
 + Level 3.8 Fire Magic


You had 6 spell levels left.
You knew the following spells:

 Your Spells              Type           Power      Damage    Failure   Level
a - Foxfire               Conj/Fire      48%        2x1d6     5%          1

Your spell library contained the following spells:

 Spells                   Type           Power      Damage    Failure   Level
 Conjure Flame            Conj/Fire      12%        6-21      16%         3
 Inner Flame              Hex/Fire       8%         N/A       26%         3
 Sticky Flame             Conj/Fire      12%        2d4       45%         4
 Fireball                 Conj/Fire      6%         3d5       82%         5
 Animate Dead             Necr           0%         N/A       87%         4
 Borgnjor's Vile Clutch   Necr/Erth      0%         N/A       99%         5
 Death Channel            Necr           0%         N/A       100%        6


Dungeon Overview and Level Annotations

Branches:
Dungeon (5/15)
 Temple: D:4-7

Altars:
Ashenzari
Xom
The Shining One

Shops:
D:1 !   D:2 [

Annotations:
D:5 Prince Ribbit


Innate Abilities, Weirdness & Mutations

You are a tree.
Your roots penetrate the ground, keeping you stationary.
You cannot be teleported.
You are immune to unholy pain and torment.
Your maximum health is greatly increased.
You cannot wear most types of armour.
((You are amphibious.))
You can wear up to eight rings at the same time.
((Your skin changes colour to match your surroundings (Stealth+).))
((Your rubbery body absorbs attacks. (AC +1, EV +1)))
((You are camouflaged near water. (Stealth+)))
((You have tentacles for arms and can constrict up to eight enemies at once.))


Message History

You hit the worm.
The worm is severely wounded.
You constrict the worm. The worm closely misses you.
You hit the worm.
You kill the worm!
You start resting.
HP restored.
You start waiting.
Done waiting.
Found 17 gold pieces.
Found a scroll labelled ZEDODU HARITICW.
You now have 168 gold pieces (gained 17).
b - 4 scrolls labelled ZEDODU HARITICW (gained 1)
Found a buckler.
Prince Ribbit comes into view.
Prince Ribbit gives a loud, deep croak!
Prince Ribbit blinks!
Prince Ribbit misses you. Prince Ribbit barely misses you.
Prince Ribbit lets out a mournful croak.
You see here a +0 buckler.
n - a +0 buckler Prince Ribbit hits you but does no damage.
Prince Ribbit hits you!!
Ouch! That really hurt!
Okay, then.
It was a potion of lignification.
You turn into a tree.
Your roots penetrate the ground.
Prince Ribbit hits you but does no damage.
Prince Ribbit hits you!
* * * LOW HITPOINT WARNING * * *
As you read the scroll labelled ZEDODU HARITICW, it crumbles to dust.
It is a scroll of identify.
a - 2 scrolls of brand weapon Prince Ribbit catches a baby bat with his tongue.
Prince Ribbit hits you.
* * * LOW HITPOINT WARNING * * *
Casting: Foxfire (safe; 5% risk of failure)
Confirm with . or Enter, or press ? or * to list all spells.
You conjure some foxfire!
Prince Ribbit hits you!
You die...

########
#......#
###.####.#######
...............#
###.####.#####.#
#.v♣F..# #.#
######## #.#
#.###### #######
#......# #.
#.#####.....#
###....#.# . .
.....#.....#
#......#.# .. .
#..........#
#......#.# #.#.
#.#.#.....#
#...####.# ...#
##...#.#.>#
##.......#


You could see Prince Ribbit (ally target).

Levels and vault maps discovered:
D:1:      lightli_arrival_isolated_outpost, layout_basic, serial_shops,
          nicolae_diamond_shop
D:2:      layout_basic, basic_ecumenical_altar, serial_shops, shop,
          serial_park_tiny_1, chequers_serial_rivers_micro_a,
          minmay_misc_feat_square
D:3:      layout_basic, nicolae_ashenzari_panopticon,
          nicolae_tso_swordbearing_angel
D:4:      layout_rooms, hellmonk_ghost_happy_afterlife
D:5:      layout_loops_cross, mainiacjoe_overflow_cross_hatched,
          lemuel_crystal_altar, uniq_prince_ribbit1

Notes
Turn   | Place    | Note
-------+----------+-------------------------------------------
     0 | D:1      | ABBCCCDDDD the Octopode Fire Elementalist began the quest
                  | for the Orb.
     0 | D:1      | Reached XP level 1. HP: 11/11 MP: 3/3
   420 | D:1      | Reached skill level 3 in Stealth
   420 | D:1      | Reached XP level 2. HP: 18/18 MP: 0/5
   530 | D:1      | Found Ote Muno's Distillery.
  1821 | D:2      | Found a faded altar of an unknown god.
  2010 | D:2      | Reached skill level 1 in Fighting
  2021 | D:2      | Reached XP level 3. HP: 18/23 MP: 1/6
  2482 | D:2      | Found Elodd's Antique Armour Emporium.
  3251 | D:2      | Reached XP level 4. HP: 28/28 MP: 2/7
  4437 | D:3      | Found a broken altar of Ashenzari.
  4765 | D:3      | Found a glowing golden altar of the Shining One.
  4894 | D:3      | Reached skill level 4 in Stealth
  6372 | D:5      | Entered Level 5 of the Dungeon
  6372 | D:5      | Found a shimmering altar of Xom.
  6554 | D:5      | Noticed Prince Ribbit
  6561 | D:5      | HP: 2/43 [Prince Ribbit (14)]
  6563 | D:5      | Mangled by Prince Ribbit

Table legend: (Time is in decaauts)
 A = Elapsed time spent in this place.
 B = Non-inter-level travel time spent in this place.
 C = Inter-level travel time spent in this place.
 D = Time resting spent in this place.
 E = Time spent auto-exploring this place.
 F = Levels seen in this place.
 G = Mean time per level.
                   A        B        C        D        E       F      G
               +--------+--------+--------+--------+--------+-----+--------+
         Total |   6563 |   6447 |    116 |   3474 |   2420 |   5 | 1312.6 |
       Dungeon |   6563 |   6447 |    116 |   3474 |   2420 |   5 | 1312.6 |
               +--------+--------+--------+--------+--------+-----+--------+

Top non-repeatable levels by time:
     D:3: 2479 daAuts
     D:2: 1850 daAuts
     D:1: 1821 daAuts
     D:4: 221 daAuts
     D:5: 191 daAuts

Table legend:
 A = Kills in this place as a percentage of kills in entire the game.
 B = Kills by you in this place as a percentage of kills by you in the entire game.
 C = Kills by friends in this place as a percentage of kills by friends in the entire game.
 D = Other kills in this place as a percentage of other kills in the entire game.
 E = Experience gained in this place as a percentage of experience gained in the entire game.
 F = Experience gained in this place divided by the number of levels of this place that you have seen.
                   A       B       C       D       E      F
               +-------+-------+-------+-------+-------+----------------------
         Total | 100.0 | 100.0 |   N/A |   N/A | 100.0 |  32.0
       Dungeon | 100.0 | 100.0 |   N/A |   N/A | 100.0 |  32.0
               +-------+-------+-------+-------+-------+----------------------

Action                   |  1- 3 |  4- 6 || total
-------------------------+-------+-------++-------
Melee: Unarmed           |    11 |       ||    11
       Tentacles         |     2 |       ||     2
       Constrict         |     2 |     2 ||     4
       Short sword       |     2 |     6 ||     8
 Cast: Foxfire           |    93 |    91 ||   184
  Use: Scroll            |       |     1 ||     1
       Potion            |       |     1 ||     1
 Stab: Sleeping          |       |     2 ||     2
Armor: Skin              |     4 |     2 ||     6
Dodge: Dodged            |    18 |     7 ||    25

Vanquished Creatures
  4 adders
  An adder skeleton (D:4)
  2 worms
  A dart slug (D:3)
  3 orcs
  9 bats
  3 endoplasms (D:1)
  A giant cockroach (D:3)
  3 goblins (D:3)
  2 hobgoblins (D:1)
  10 jackals
  2 quokkas
  5 ball pythons
  2 frilled lizards (D:1)
  6 kobolds
  6 rats
60 creatures vanquished.

Vanquished Creatures (collateral kills)
  A foxfire (D:2)
1 creature vanquished.

Vanquished Creatures (others)
  292 foxfires
292 creatures vanquished.

Grand Total: 353 creatures vanquished
